ORI
LOUISIANA STATE UNIVERSITY TIGERS @ UNIVERSITY OF OKLAHOMA SOONERS
10/26/2044
 
TOP OF THE 1ST
Louisiana State University Tigers batting - Pitching for University of Oklahoma Sooners : RHP Ethan Houghton
Pitching: RHP Ethan Houghton
Batting: RHB Scott Talbot 0-0: Ball
1-0: Ball
2-0: Called Strike
2-1: Foul Ball, location: 2F
2-2: Foul Ball, location: 2F
2-2: Ball
3-2: Foul Ball, location: 2F
3-2: Fly out, F8 (Flyball, 8RD, EV 101.3 MPH)
Batting: RHB Alberto Bravo 0-0: Ball
1-0: Ball
2-0: Called Strike
2-1: Ball
3-1: Base on Balls
Batting: RHB Richard Saquic 0-0: Ball
1-0: Ground out 5-3 (Groundball, 56S, EV 70.0 MPH)
Alberto Bravo to second
Batting: RHB Brad Adams Jr. 0-0: Ground out 5-3 (Groundball, 56S, EV 80.6 MPH)
Top of the 1st over - 0 runs, 0 hits, 0 errors, 1 left on base; Louisiana State University 0 - University of Oklahoma 0
BOTTOM OF THE 1ST
University of Oklahoma Sooners batting - Pitching for Louisiana State University Tigers : RHP Ryan Van Riper
Pitching: RHP Ryan Van Riper
Batting: RHB Margh Couch 0-0: Ball
1-0: Swinging Strike
1-1: Called Strike
1-2: Ball
2-2: Fly out, F9 (Line Drive, 9, EV 87.5 MPH)
Batting: RHB Josh Lynch 0-0: Ball
1-0: Foul Ball, location: 2F
1-1: Foul Ball, location: 2F
1-2: Ball
2-2: Strikes out swinging
Batting: RHB Carlos Gonzales 0-0: Ball
1-0: Ball
2-0: SOLO HOME RUN (Flyball, 9D, EV 95.0 MPH), Distance : 379 ft
Batting: SHB Cesar Carrasquillo 0-0: Swinging Strike
0-1: Foul Ball, location: 2F
0-2: Ball
1-2: Strikes out swinging
Bottom of the 1st over - 1 run, 1 hit, 0 errors, 0 left on base; Louisiana State University 0 - University of Oklahoma 1
TOP OF THE 2ND
Louisiana State University Tigers batting - Pitching for University of Oklahoma Sooners : RHP Ethan Houghton
Batting: RHB Jwahir Pili 0-0: Ball
1-0: Foul Ball, location: 2F
1-1: Ground out 6-3 (Groundball, 6, EV 98.1 MPH)
Batting: LHB Bob Govella 0-0: Ball
1-0: Called Strike
1-1: Ball
2-1: Ball
3-1: Foul Ball, location: 2F
3-2: Foul Ball, location: 2F
3-2: Foul Ball, location: 2F
3-2: Fly out, F6 (Popup, 6D, EV 43.8 MPH)
Batting: LHB Lourens Aukema 0-0: Ground out 4-3 (Groundball, 4M, EV 78.1 MPH)
Top of the 2nd over - 0 runs, 0 hits, 0 errors, 0 left on base; Louisiana State University 0 - University of Oklahoma 1
BOTTOM OF THE 2ND
University of Oklahoma Sooners batting - Pitching for Louisiana State University Tigers : RHP Ryan Van Riper
Batting: LHB Mike East 0-0: Ball
1-0: Ground out 4-3 (Groundball, 4, EV 110.6 MPH)
Batting: RHB Jonathan Gamez 0-0: Called Strike
0-1: Ball
1-1: Ball
2-1: Swinging Strike
2-2: Strikes out swinging
Batting: RHB Terrell Smith 0-0: Ball
1-0: Ball
2-0: Ball
3-0: Foul Ball, location: 2F
3-1: Called Strike
3-2: Base on Balls
Batting: RHB Patrick Pinault 0-0: Called Strike
Terrell Smith is caught stealing 2nd base 2-4
Bottom of the 2nd over - 0 runs, 0 hits, 0 errors, 0 left on base; Louisiana State University 0 - University of Oklahoma 1
TOP OF THE 3RD
Louisiana State University Tigers batting - Pitching for University of Oklahoma Sooners : RHP Ethan Houghton
Batting: RHB Dennis Cox 0-0: Called Strike
0-1: Swinging Strike
0-2: Ball
1-2: Foul Ball, location: 2F
1-2: Foul Ball, location: 2F
1-2: Ball
2-2: Ball
3-2: Strikes out looking
Batting: RHB Franklin van den Berg 0-0: Ball
1-0: Called Strike
1-1: Hit by Pitch
Batting: RHB Scott Talbot 0-0: Ball
1-0: Swinging Strike
1-1: Foul Ball, location: 2F
1-2: Ball
2-2: Foul Ball, location: 2F
2-2: Foul Ball, location: 2F
2-2: Ball
3-2: Fly out, F2 (Popup, 2R, EV 95.6 MPH)
Batting: RHB Alberto Bravo 0-0: Called Strike
0-1: Swinging Strike
0-2: Foul Ball, location: 2F
0-2: Ball
1-2: Ball
2-2: Strikes out looking
Top of the 3rd over - 0 runs, 0 hits, 0 errors, 1 left on base; Louisiana State University 0 - University of Oklahoma 1
BOTTOM OF THE 3RD
University of Oklahoma Sooners batting - Pitching for Louisiana State University Tigers : RHP Ryan Van Riper
Batting: RHB Patrick Pinault 0-0: Ball
1-0: Called Strike
1-1: Ball
2-1: Ball
3-1: Bunt missed!
3-2: Ground out 6-3 (Groundball, 6, EV 85.6 MPH)
Batting: RHB Sam Callahan 0-0: Ball
1-0: Foul Ball, location: 2F
1-1: Called Strike
1-2: Strikes out swinging
Batting: RHB Margh Couch 0-0: Ball
1-0: Called Strike
1-1: Ground out U3 (Groundball, 34, EV 98.1 MPH)
Bottom of the 3rd over - 0 runs, 0 hits, 0 errors, 0 left on base; Louisiana State University 0 - University of Oklahoma 1
TOP OF THE 4TH
Louisiana State University Tigers batting - Pitching for University of Oklahoma Sooners : RHP Ethan Houghton
Batting: RHB Richard Saquic 0-0: Ball
1-0: Foul Ball, location: 2F
1-1: Swinging Strike
1-2: Ball
2-2: Foul Ball, location: 2F
2-2: Strikes out swinging
Batting: RHB Brad Adams Jr. 0-0: Ground out 4-3 (Groundball, 4S, EV 70.0 MPH)
Batting: RHB Jwahir Pili 0-0: Ball
1-0: Ball
2-0: Ball
3-0: Base on Balls
Batting: LHB Bob Govella 0-0: Ball
1-0: Ball
Jwahir Pili steals 2nd base
2-0: Ball
3-0: Base on Balls
Batting: LHB Lourens Aukema 0-0: Called Strike
0-1: Called Strike
0-2: Ball
1-2: Ground out U3 (Groundball, 3, EV 93.1 MPH)
Top of the 4th over - 0 runs, 0 hits, 0 errors, 2 left on base; Louisiana State University 0 - University of Oklahoma 1
BOTTOM OF THE 4TH
University of Oklahoma Sooners batting - Pitching for Louisiana State University Tigers : RHP Ryan Van Riper
Batting: RHB Josh Lynch 0-0: Called Strike
0-1: Ball
1-1: SINGLE (Line Drive, 4M, EV 109.4 MPH)
Batting: RHB Carlos Gonzales 0-0: SINGLE (Groundball, 34D, EV 85.0 MPH) (infield hit)
Josh Lynch to second
Batting: SHB Cesar Carrasquillo 0-0: Ground out 5-3 (Groundball, 5S, EV 72.5 MPH)
Josh Lynch to third
Carlos Gonzales to second
Batting: LHB Mike East 0-0: Called Strike
0-1: Called Strike
0-2: Ball
1-2: Strikes out swinging
Batting: RHB Jonathan Gamez 0-0: Foul Ball, location: 2F
0-1: Ball
1-1: Called Strike
1-2: Foul Ball, location: 2F
1-2: Fly out, F4 (Popup, 4D, EV 53.8 MPH)
Bottom of the 4th over - 0 runs, 2 hits, 0 errors, 2 left on base; Louisiana State University 0 - University of Oklahoma 1
TOP OF THE 5TH
Louisiana State University Tigers batting - Pitching for University of Oklahoma Sooners : RHP Ethan Houghton
Batting: RHB Dennis Cox 0-0: Called Strike
0-1: SINGLE (Groundball, 56D, EV 101.9 MPH)
Batting: RHB Franklin van den Berg 0-0: Called Strike
0-1: Grounds into double play, 4-6-3 (Groundball, 4, EV 85.0 MPH)
Batting: RHB Scott Talbot 0-0: Ball
1-0: Ball
2-0: Ground out 6-3 (Groundball, 6, EV 93.1 MPH)
Top of the 5th over - 0 runs, 1 hit, 0 errors, 0 left on base; Louisiana State University 0 - University of Oklahoma 1
BOTTOM OF THE 5TH
University of Oklahoma Sooners batting - Pitching for Louisiana State University Tigers : RHP Ryan Van Riper
Batting: RHB Terrell Smith 0-0: Foul Ball, location: 2F
0-1: Called Strike
0-2: Ball
1-2: Ball
2-2: Ball
3-2: Strikes out swinging
Batting: RHB Patrick Pinault 0-0: Ground out U3 (Groundball, 34S, EV 88.8 MPH)
Batting: RHB Sam Callahan 0-0: Ground out 4-3 (Groundball, 34, EV 79.4 MPH)
Bottom of the 5th over - 0 runs, 0 hits, 0 errors, 0 left on base; Louisiana State University 0 - University of Oklahoma 1
TOP OF THE 6TH
Louisiana State University Tigers batting - Pitching for University of Oklahoma Sooners : RHP Ethan Houghton
Pitching: RHP Paul Gibbens
Batting: RHB Alberto Bravo 0-0: Foul Ball, location: 2F
0-1: Ball
1-1: Swinging Strike
1-2: Strikes out swinging
Batting: RHB Richard Saquic 0-0: Called Strike
0-1: Reached on error, E6 (Groundball, 6MS, EV 89.4 MPH)
Batting: RHB Brad Adams Jr. 0-0: Ball
1-0: Ball
Richard Saquic steals 2nd base
2-0: Called Strike
2-1: Ground out 4-3 (Groundball, 4MS, EV 81.3 MPH)
Richard Saquic to third
Pinch Hitting: RHB Mike Larson 0-0: Called Strike
0-1: Called Strike
0-2: Ball
1-2: Ball
2-2: Foul Ball, location: 2F
2-2: Ground out 3-1 (Groundball, 34S, EV 88.8 MPH)
Top of the 6th over - 0 runs, 0 hits, 1 error, 1 left on base; Louisiana State University 0 - University of Oklahoma 1
BOTTOM OF THE 6TH
University of Oklahoma Sooners batting - Pitching for Louisiana State University Tigers : RHP Ryan Van Riper
Now at 3B: Fernando Membreno
Batting: RHB Margh Couch 0-0: Foul Ball, location: 2F
0-1: Called Strike
0-2: Foul Ball, location: 2F
0-2: SINGLE (Groundball, 6S, EV 68.1 MPH) (infield hit)
Batting: RHB Josh Lynch 0-0: Called Strike
0-1: Ball
1-1: Foul Ball, location: 2F
1-2: Fielders Choice at 2nd, 5-4 (Groundball, 56, EV 83.8 MPH)
Batting: RHB Carlos Gonzales 0-0: Fielders Choice at 2nd, 5-4 (Groundball, 56, EV 85.0 MPH)
Pitching: RHP Jesus Castro
Batting: SHB Cesar Carrasquillo 0-0: Ground out 4-3 (Groundball, 4, EV 98.8 MPH)
Bottom of the 6th over - 0 runs, 1 hit, 0 errors, 1 left on base; Louisiana State University 0 - University of Oklahoma 1
TOP OF THE 7TH
Louisiana State University Tigers batting - Pitching for University of Oklahoma Sooners : RHP Paul Gibbens
Pitching: LHP Tony Flores
Pinch Hitting: RHB Jose Cerritos 0-0: Ball
1-0: Called Strike
1-1: Foul Ball, location: 2F
1-2: Ball
2-2: Strikes out swinging
Pinch Hitting: SHB Noah Long 0-0: Ball
1-0: Called Strike
1-1: Ball
2-1: SOLO HOME RUN (Line Drive, 7D, EV 99.4 MPH), Distance : 371 ft
Batting: RHB Dennis Cox 0-0: SINGLE (Groundball, 56D, EV 95.0 MPH)
Batting: RHB Franklin van den Berg 0-0: Fly out, F9 (Flyball, 9, EV 81.9 MPH)
Batting: RHB Scott Talbot 0-0: Ball
1-0: Ball
2-0: Called Strike
2-1: Foul Ball, location: 2F
2-2: Foul Ball, location: 2F
2-2: Strikes out swinging
Top of the 7th over - 1 run, 2 hits, 0 errors, 1 left on base; Louisiana State University 1 - University of Oklahoma 1
BOTTOM OF THE 7TH
University of Oklahoma Sooners batting - Pitching for Louisiana State University Tigers : RHP Jesus Castro
Now in LF: Noah Long
Now in RF: Fate Makeever
Batting: LHB Mike East 0-0: Ball
1-0: Ball
2-0: Called Strike
2-1: Foul Ball, location: 2F
2-2: Strikes out swinging
Batting: RHB Jonathan Gamez 0-0: Ball
1-0: Ball
2-0: Ground out 5-3 (Groundball, 5S, EV 65.0 MPH)
Batting: RHB Terrell Smith 0-0: Called Strike
0-1: Ball
1-1: Ball
2-1: Fly out, F7 (Flyball, 78XD, EV 76.3 MPH)
Bottom of the 7th over - 0 runs, 0 hits, 0 errors, 0 left on base; Louisiana State University 1 - University of Oklahoma 1
TOP OF THE 8TH
Louisiana State University Tigers batting - Pitching for University of Oklahoma Sooners : LHP Tony Flores
Pitching: RHP Ross Ratcliffe
Batting: RHB Alberto Bravo 0-0: Ball
1-0: Ball
2-0: Ball
3-0: Base on Balls
Batting: RHB Richard Saquic 0-0: Ball
1-0: Foul Ball, location: 2F
1-1: Foul Ball, location: 2F
1-2: Strikes out swinging
Batting: RHB Brad Adams Jr. 0-0: Fielders Choice at 2nd, 3-6 (Groundball, 34S, EV 83.8 MPH)
Batting: RHB Fernando Membreno 0-0: Ball
Passed Ball!
Brad Adams Jr. to second
1-0: Ball
2-0: Foul Ball, location: 2F
2-1: SINGLE (Groundball, 56D, EV 106.9 MPH)
Brad Adams Jr. to third
Runner from 3rd tries for Home, SAFE, throw by LF to home
Fernando Membreno to second
Batting: RHB Fate Makeever 0-0: Swinging Strike
0-1: Ball
1-1: Ball
Wild Pitch!
Fernando Membreno to third
2-1: Ground out 5-3 (Groundball, 5L, EV 100.6 MPH)
Top of the 8th over - 1 run, 1 hit, 0 errors, 1 left on base; Louisiana State University 2 - University of Oklahoma 1
BOTTOM OF THE 8TH
University of Oklahoma Sooners batting - Pitching for Louisiana State University Tigers : RHP Jesus Castro
Pinch Hitting: RHB Willie Cubero 0-0: Ball
1-0: Foul Ball, location: 2F
1-1: Fly out, F9 (Line Drive, 9, EV 88.8 MPH)
Batting: RHB Sam Callahan 0-0: Fly out, F8 (Flyball, 8LD, EV 90.0 MPH)
Batting: RHB Margh Couch 0-0: Swinging Strike
0-1: Ball
1-1: Called Strike
1-2: Strikes out swinging
Bottom of the 8th over - 0 runs, 0 hits, 0 errors, 0 left on base; Louisiana State University 2 - University of Oklahoma 1
TOP OF THE 9TH
Louisiana State University Tigers batting - Pitching for University of Oklahoma Sooners : RHP Ross Ratcliffe
Pitching: RHP Troy Hutch
Now at 2B: Edwin Gutierrez
Batting: SHB Noah Long 0-0: Ball
1-0: Ball
2-0: Swinging Strike
2-1: Swinging Strike
2-2: Strikes out swinging
Batting: RHB Dennis Cox 0-0: Swinging Strike
0-1: Foul Ball, location: 2F
0-2: Strikes out looking
Batting: RHB Franklin van den Berg 0-0: Called Strike
0-1: Ball
1-1: Ball
2-1: SOLO HOME RUN (Flyball, 8LXD, EV 111.3 MPH), Distance : 439 ft
Batting: RHB Scott Talbot 0-0: Ball
1-0: Swinging Strike
1-1: Ball
2-1: Called Strike
2-2: Ground out 6-3 (Groundball, 6, EV 91.3 MPH)
Top of the 9th over - 1 run, 1 hit, 0 errors, 0 left on base; Louisiana State University 3 - University of Oklahoma 1
BOTTOM OF THE 9TH
University of Oklahoma Sooners batting - Pitching for Louisiana State University Tigers : RHP Jesus Castro
Pitching: RHP Melvin Pena
Pinch Hitting: RHB Noriya Yasuda 0-0: Ball
1-0: Foul Ball, location: 2F
1-1: SINGLE (Groundball, 6D, EV 97.5 MPH)
Pinch Hitting: SHB Sergio Carranza 0-0: Swinging Strike
0-1: Fly out, F7 (Flyball, 78D, EV 94.4 MPH)
Pinch Hitting: RHB Danny Hutto 0-0: Called Strike
0-1: Fly out, F8 (Flyball, 78D, EV 90.6 MPH)
Batting: LHB Mike East 0-0: Ground out U3 (Groundball, 3, EV 101.3 MPH)
Bottom of the 9th over - 0 runs, 1 hit, 0 errors, 1 left on base; Louisiana State University 3 - University of Oklahoma 1
Thursday, March 31st , 2022 - OOTP Baseball 22.12 Build 89